 Dungeon Crawl Stone Soup version 0.31-a0-1308-ga3cce3a448 (webtiles) character file.

Game seed: 16224265450938060416

4046 Hubjo the Arsonist (level 10, -5/69 HPs)
             Began as a Demonspawn Fire Elementalist on Dec 20, 2023.
             Was an Elder of Lugonu.
             Slain by a shadow (7 damage)
             ... on level 8 of the Dungeon.
             The game lasted 00:26:05 (11181 turns).

Hubjo the Arsonist (Demonspawn Fire Elementalist)  Turns: 11181, Time: 00:26:07

Health: -5/69      AC:  8    Str: 10    XL:     10   Next: 4%
Magic:  19/20      EV: 12    Int: 26    God:    Lugonu [****..]
Gold:   472        SH:  0    Dex: 14    Spells: 11/22 levels left

rFire   + + .        q - +1 dagger of Fate {spect, rF+ Str+3 Int+3}
rCold   . . .        (no shield)
rNeg    . . .        u - +0 steam dragon scales
rPois   .            (no helmet)
rElec   .            (no cloak)
rCorr   .            (no gloves)
SInv    .            (no boots)
Will    .....        (no amulet)
Stlth   +            (no ring)
HPRegen 0.31/turn    (no ring)
MPRegen 0.17/turn

%: no passive effects
@: confused, about to teleport, ambrosia-drunk
A: yellow scales 2, demonic guardian 2, foul stench 3, clever 1, fire resistance
1, evolution 1, MP-powered wands
a: Renounce Religion, Depart the Abyss, Banish, Corrupt


You were on level 8 of the Dungeon.
You worshipped Lugonu.
Lugonu was greatly pleased with you.
You visited 1 branch of the dungeon, and saw 8 of its levels.

You collected 472 gold pieces.

Inventory:

Hand Weapons
 i - a +0 short sword
 p - a +0 dagger of speed
 q - the +1 dagger of Fate (weapon) {spect, rF+ Str+3 Int+3}
   (You found it on level 3 of the Dungeon)

   Str+3:     It affects your strength (+3).
   Int+3:     It affects your intelligence (+3).
   rF+:       It protects you from fire.
Missiles
 h - 6 curare-tipped darts
Armour
 a - a +0 robe
 u - +0 steam dragon scales (worn)
Wands
 x - a wand of flame (23)
Scrolls
 d - a scroll of acquirement {unknown}
 g - 4 scrolls of teleportation
 j - 3 scrolls of fear
 k - 5 scrolls of poison
 l - 3 scrolls of enchant weapon
 m - 2 scrolls of vulnerability
 o - 2 scrolls of identify
 s - a scroll of silence
 v - a scroll of enchant armour {unknown}
 w - 2 scrolls of amnesia
 y - a scroll of brand weapon {unknown}
 z - 2 scrolls of torment
Potions
 b - a potion of magic
 c - a potion of cancellation
 e - 3 potions of lignification
 n - a potion of enlightenment
 r - 2 potions of might
 A - a potion of brilliance


   Skills:
 + Level 2.9 Fighting
 + Level 1.4 Short Blades
 - Level 3.8 Armour
 - Level 1.7 Dodging
 - Level 1.7 Stealth
 + Level 6.9 Spellcasting
 - Level 5.9 Conjurations
 + Level 9.1 Fire Magic


You had 11 spell levels left.
You knew the following spells:

 Your Spells              Type           Power      Damage    Failure   Level
a - Foxfire               Conj/Fire      100%       2x1d9     1%          1
b - Flame Wave            Conj/Fire      48%        2d12      2%          4
c - Volatile Blastmotes   Fire/Tloc      64%        2d15      3%          3
d - Inner Flame           Hex/Fire       32%        N/A       3%          3

Your spell library contained the following spells:

 Spells                   Type           Power      Damage    Failure   Level
 Scorch                   Fire           100%       2d9       1%          2
 Sticky Flame             Conj/Fire      48%        2d7       2%          4
 Apportation              Tloc           18%        N/A       6%          1
 Necrotise                Necr           36%        1d5       6%          1
 Summon Small Mammal      Summ           36%        N/A       6%          1
 Wereblood                Tmut           9%         N/A       10%         2
 Irradiate                Conj/Tmut      12%        3d15      45%         5


Dungeon Overview and Level Annotations

Branches:
Dungeon (8/15)             Temple (0/1) D:6
   Lair: D:8-11

Altars:
Hepliaklqana
Kikubaaqudgha
Trog
Vehumet
Wu Jian
Yredelemnul
Lugonu

Shops:
D:5 (

Annotations:
D:1 1 runed translucent door


Innate Abilities, Weirdness & Mutations

You are mostly covered in yellow scales. (AC +3)
A demonic guardian rushes to your aid.
You frequently emit foul miasma when damaged in melee.
Your mind is acute. (Int +4, Str/Dex -1)
Your flesh is heat resistant. (rF+)
You have hidden genetic potential.
You expend magic power (3 MP) to strengthen your wands.


Message History

The shadow is heavily damaged. (Press . to intensify the flame waves.)
The shadow hits you.
As you read the scroll of fear, it crumbles to dust.
You assume a fearsome visage.
The shadow is unaffected.
The death knight resists with almost no effort.
The howler monkey skeleton is unaffected.
The wraith is unaffected.
The shadow hits you!
You are too injured to fight recklessly!
You are too injured to fight recklessly!
Casting: Flame Wave (dangerous; 2% risk of failure)
Confirm with . or Enter, or press ? or * to list all spells.
You conjure some foxfire!
The death knight hits you with a +0 battleaxe!!
* * * LOW HITPOINT WARNING * * *
A demonic guardian appears!
You emit a cloud of foul miasma!
The death knight hits your foxfire with a +0 battleaxe.
The foxfire hits the shadow.
The shadow is heavily damaged.
You enter the transporter and appear at another place.
The death knight calls down the wrath of Yredelemnul upon you.
Your body is wracked with pain!
* * * LOW HITPOINT WARNING * * *
You feel better.
The death knight invokes the aid of Yredelemnul against you.
Your body is wracked with pain!
* * * LOW HITPOINT WARNING * * *
A demonic guardian appears!
The shadow barely misses you.
As you read the scroll of teleportation, it crumbles to dust.
You feel strangely unstable. The death knight completely misses you.
The death knight hits your rust devil with a +0 battleaxe!
The shadow misses you.
Your rust devil hits the death knight.
Your rust devil corrodes the death knight!
You are confused.
You feel invigorated.
The death knight hits you with a +0 battleaxe!
* * * LOW HITPOINT WARNING * * *
The death knight barely misses your rust devil.
The shadow hits you!
You die...

[.........#.....)## ##.# #.....#
)..###............###.## ##..####
..#####.###.#......#.## #..)####
.....##..[..#..###..## #..)....
#<##.######.#....#.[# #..)####
..##........#.......# #...# #.
#.##........#.......######..)###.
#.##..........#W..#.#...)........
................@p4..............
#.###....)#############.....)>.).
#.# #.....#.($_[⌠[_$).#.##...###.
#.# #.....#...........#.##...# ##
#.# #####.#..##...##..#.##...###
..# #.#..#8...8#..#........# ###
#.#..##...##.?#..#...#.# # ###
###.#.....©.....#..##.##.#
###.###...#ZW##...##..#..##..#.#


You could see a death knight (corroded, ally target), a shadow and a friendly
rust devil (summoned).

Vanquished Creatures
  A two-headed ogre (D:8)
  Prince Ribbit (D:8)
  A steam dragon (D:8)
  Edmund (D:6)
  A water moccasin (D:6)
  An orc warrior (D:8)
  4 sky beasts
  2 ice beasts (D:7)
  2 ogres
  A kobold brigand (D:8)
  5 bullfrogs
  A gnoll sergeant (D:8)
  3 scorpions
  5 killer bees (D:8)
  2 howler monkeys
  3 hounds
  2 jellies
  A gnoll bouda (D:7)
  An orc priest (D:8)
  4 iguanas
  5 orc wizards
  Robin (D:3)
  20 gnolls
  5 adders
  3 white imps
  2 dart slugs
  16 orcs
  8 ball pythons
  11 endoplasms
  A giant cockroach (D:3)
  13 goblins
  15 hobgoblins
  A quokka (D:1)
  9 bats
  3 frilled lizards
  12 kobolds
  14 rats
  A spectral kobold (D:2)
182 creatures vanquished.

Vanquished Creatures (collateral kills)
  A steam dragon (D:8)
  An acid dragon (D:8)
  A gnoll bouda (D:5)
  An orc priest (D:5)
  An orc wizard (D:5)
  2 gnolls
  An adder (D:5)
  6 foxfires
14 creatures vanquished.

Vanquished Creatures (others)
  A sky beast (D:8)
  955 foxfires
956 creatures vanquished.

Grand Total: 1152 creatures vanquished

Notes
Turn   | Place    | Note
-------+----------+-------------------------------------------
     0 | D:1      | Hubjo the Demonspawn Fire Elementalist began the quest for
                  | the Orb.
     0 | D:1      | Reached XP level 1. HP: 13/13 MP: 3/3
     1 | D:1      | Found a runed translucent door.
   388 | D:1      | Reached skill level 1 in Fighting
   528 | D:1      | Gained mutation: You are partially covered in yellow
                  | scales. (AC +2) [demonic ancestry]
   528 | D:1      | Reached XP level 2. HP: 21/21 MP: 0/5
  1676 | D:2      | Reached skill level 3 in Fire Magic
  1731 | D:2      | You fall into a shaft and drop 2 floors!
  1844 | D:2      | Reached XP level 3. HP: 27/27 MP: 0/6
  2105 | D:2      | Found a faded altar of an unknown god.
  2337 | D:2      | Gained mutation: You have a somewhat thin skeletal
                  | structure. (Dex +2, Stealth+) [potion of mutation]
  2342 | D:2      | Prayed at the altar of an unknown god.
  2342 | D:2      | Became a worshipper of Lugonu the Unformed
  2342 | D:2      | Reached * piety under Lugonu
  3106 | D:3      | Gained mutation: A weak demonic guardian rushes to your
                  | aid. [demonic ancestry]
  3106 | D:3      | Reached XP level 4. HP: 33/33 MP: 0/7
  3253 | D:3      | Learned a level 4 spell: Flame Wave
  3865 | D:3      | Reached ** piety under Lugonu
  3930 | D:3      | Noticed Robin
  3934 | D:3      | Killed Robin
  4213 | D:3      | Identified the +1 dagger of Fate {spect, rF+ Str+3 Int+3}
  4431 | D:3      | Lost mutation: You have a somewhat thin skeletal structure.
                  | (Dex +2, Stealth+) [potion of mutation]
  4431 | D:3      | Gained mutation: You occasionally lose the ability to drink
                  | potions when taking damage. [potion of mutation]
  4431 | D:3      | Gained mutation: Your magical capacity is low. (-10% MP)
                  | [potion of mutation]
  4434 | D:4      | Noticed a scorpion
  4445 | D:4      | Killed a scorpion
  4446 | D:4      | Reached skill level 4 in Fire Magic
  4446 | D:4      | Gained mutation: You may rarely emit foul miasma when
                  | damaged in melee. [demonic ancestry]
  4446 | D:4      | Reached XP level 5. HP: 38/38 MP: 4/8
  4868 | D:4      | Gained mutation: A demonic guardian rushes to your aid.
                  | [demonic ancestry]
  4868 | D:4      | Reached XP level 6. HP: 44/44 MP: 3/9
  5067 | D:4      | Found an ornate altar of the Wu Jian Council.
  5090 | D:4      | HP: 2/44 [gnoll/+0 spear (7)]
  5672 | D:5      | Entered Level 5 of the Dungeon
  5703 | D:5      | Reached skill level 5 in Fire Magic
  5851 | D:5      | Reached XP level 7. HP: 50/50 MP: 1/11
  6071 | D:5      | Found Goxtood's Antique Weapon Emporium.
  7108 | D:6      | Reached skill level 6 in Fire Magic
  7175 | D:6      | Reached *** piety under Lugonu
  7292 | D:6      | Gained mutation: You sometimes emit foul miasma when
                  | damaged in melee. [demonic ancestry]
  7292 | D:6      | Reached XP level 8. HP: 27/56 MP: 7/13
  7562 | D:6      | Noticed Edmund
  7567 | D:6      | Found a staircase to the Ecumenical Temple.
  7573 | D:6      | Killed Edmund
  7901 | D:6      | Found a hazy altar of Hepliaklqana.
  8180 | D:6      | Found a bloodstained altar of Trog.
  8352 | D:7      | Found a radiant altar of Vehumet.
  8362 | D:7      | Lost mutation: You occasionally lose the ability to drink
                  | potions when taking damage. [potion of mutation]
  8362 | D:7      | Lost mutation: Your magical capacity is low. (-10% MP)
                  | [potion of mutation]
  8362 | D:7      | Gained mutation: Your flesh is heat resistant. (rF+)
                  | [potion of mutation]
  8362 | D:7      | Gained mutation: You have hidden genetic potential. [potion
                  | of mutation]
  8362 | D:7      | Gained mutation: Your mind is acute. (Int +4, Str/Dex -1)
                  | [potion of mutation]
  8452 | D:7      | Reached skill level 5 in Spellcasting
  8452 | D:7      | Reached skill level 7 in Fire Magic
  8704 | D:7      | Reached skill level 5 in Conjurations
  9033 | D:7      | HP: 1/56 [cloud of flame (5)]
  9438 | D:8      | HP: 1/56 [orc priest/divine providence (13)]
  9619 | D:8      | Gained mutation: You are mostly covered in yellow scales.
                  | (AC +3) [demonic ancestry]
  9619 | D:8      | Reached XP level 9. HP: 61/61 MP: 11/17
  9657 | D:8      | Found a transporter.
  9732 | D:8      | Found a transporter.
  9745 | D:8      | Found an ancient bone altar of Kikubaaqudgha.
  9783 | D:8      | Noticed a death knight
  9808 | D:8      | Reached skill level 8 in Fire Magic
  9841 | D:8      | Found a basalt altar of Yredelemnul.
  9854 | D:8      | Noticed Prince Ribbit
  9860 | D:8      | Killed Prince Ribbit
  9868 | D:8      | Gained mutation: You expend magic power (3 MP) to
                  | strengthen your wands. [hidden potential]
  9941 | D:8      | Learned a level 3 spell: Volatile Blastmotes
  9945 | D:8      | Learned a level 3 spell: Inner Flame
 10178 | D:8      | Reached skill level 1 in Armour
 10230 | D:8      | Noticed a two-headed ogre
 10236 | D:8      | Reached **** piety under Lugonu
 10239 | D:8      | Killed a two-headed ogre
 10478 | D:8      | Reached skill level 9 in Fire Magic
 10520 | D:8      | Reached skill level 1 in Short Blades
 10869 | D:8      | Gained mutation: You frequently emit foul miasma when
                  | damaged in melee. [demonic ancestry]
 10869 | D:8      | Reached XP level 10. HP: 66/69 MP: 14/20
 11181 | D:8      | HP: 2/69 [death knight/+0 battleaxe (11)]
 11181 | D:8      | Slain by a shadow

Illustrated notes

Levels and vault maps discovered:
D:1:      dpeg_arrival_caged_fury, layout_basic, serial_forest,
          infiniplex_forest_zigzag_1, infiniplex_forest_clump_tiny,
          infiniplex_forest_lined_3, infiniplex_forest_clump_tiny,
          infiniplex_forest_lined_2, infiniplex_forest_end_1,
          infiniplex_forest_straight_2
D:2:      layout_loops_ring, dreamdust_ecumenical_altar_drowned_temple,
          hangedman_abyss_or_decor_lesser_grid
D:3:      layout_rooms, kennysheep_generic_room_8, uniq_robin
D:4:      layout_loops_cross, nzn_wu_jian_contemplation,
          minmay_goblin_kobold_house
D:5:      layout_basic, serial_shops, shop, chequers_big_river
D:6:      layout_loops_ring, mainiacjoe_overflow_swirl,
          minmay_temple_entry_waves, kennysheep_decorative_pillar, uniq_edmund
D:7:      layout_basic, vehumet_altar_wand_db
D:8:      layout_loops_cross, gammafunk_temple_of_torment, minmay_hedge_maze,
          hangedman_misty_isle, uniq_prince_ribbit1

Skill      XL: |  1  2  3  4  5  6  7  8  9 |
---------------+----------------------------+-----
Fighting       | 1 2 |  2.9
Fire Magic     | 3 4 5 6 7 9 |  9.1
Spellcasting   | 3 4 5 6 |  6.9
Conjurations   | 2 3 4 5 |  5.9
Armour         | 3 |  3.8
Short Blades   | 1 |  1.4
Dodging        | |  1.7
Stealth        | |  1.7

Action                     |  1- 3 |  4- 6 |  7- 9 | 10-12 || total
---------------------------+-------+-------+-------+-------++-------
  Melee: Short sword       |     2 |       |       |       ||     2
         Dagger            |       |    40 |    40 |       ||    80
         Punch             |       |     1 |       |       ||     1
   Cast: Foxfire           |   145 |   140 |   303 |    13 ||   601
         Flame Wave        |       |     1 |     2 |     1 ||     4
         Volatile Blastmot |       |       |     1 |     1 ||     2
  Evoke: Wand              |       |       |     3 |       ||     3
    Use: Scroll            |     7 |     7 |     9 |     2 ||    25
         Potion            |     1 |     4 |    12 |     2 ||    19
 Armour: Robe              |    18 |    35 |    71 |       ||   124
         Acid dragon scale |       |       |     3 |       ||     3
         Skin              |       |       |     3 |       ||     3
         Steam dragon scal |       |       |     2 |    11 ||    13
  Dodge: Dodged            |    25 |    32 |    52 |    13 ||   122

Table legend: (Time is in decaauts)
 A = Elapsed time spent in this place.
 B = Non-inter-level travel time spent in this place.
 C = Inter-level travel time spent in this place.
 D = Time resting spent in this place.
 E = Time spent auto-exploring this place.
 F = Levels seen in this place.
 G = Mean time per level.
                   A        B        C        D        E       F      G
               +--------+--------+--------+--------+--------+-----+--------+
         Total |  11178 |  10772 |    406 |     39 |   9245 |   8 | 1397.2 |
       Dungeon |  11178 |  10772 |    406 |     39 |   9245 |   8 | 1397.2 |
               +--------+--------+--------+--------+--------+-----+--------+

Top non-repeatable levels by time:
     D:2: 1623 daAuts
     D:8: 1594 daAuts
     D:5: 1443 daAuts
     D:1: 1429 daAuts
     D:3: 1322 daAuts
     D:4: 1298 daAuts
     D:7: 1259 daAuts
     D:6: 1207 daAuts
